 Dungeon Crawl Stone Soup version 0.24.0-29-g8ce449bc06 (console) character file.

Game seed: 3791423296604488342, levelgen mode: deterministic

7101 AlterAsc the Arsonist (level 10, -7/69 HPs)
             Began as a Pale Draconian Fire Elementalist on Nov 16, 2019.
             Was an Elder of Vehumet.
             Blown up by Erolcha (30 damage)
             ... with a disintegration bolt
             ... on level 9 of the Dungeon.
             The game lasted 00:33:44 (10219 turns).

AlterAsc the Arsonist (DrFE)                       Turns: 10219, Time: 00:33:45

Health: -7/69      AC: 10    Str: 10    XL:     10   Next: 84%
Magic:  20/32      EV: 12    Int: 19    God:    Vehumet [****..]
Gold:   234        SH:  0    Dex: 10    Spells: 12/28 levels left

rFire    + . .     SeeInvis .   C - +2 dagger (elec)
rCold    + . .     Gourm    .   (no shield)
rNeg     + . .     Faith    .   (armour unavailable)
rPois    .         Spirit   .   (helmet restricted)
rElec    .         Reflect  .   (no cloak)
rCorr    .         Harm     .   B - +2 pair of gloves
MR       .....                  (no boots)
Stlth    +++.......             v - amulet of regeneration
HPRegen  0.61/turn              g - ring of protection from cold
MPRegen  0.23/turn              I - ring of Coaliaci {rF+ rN+ MP+9 Dex-2 Stlth+}

@: no status effects
A: breathe steam, unfitting armour, cold-blooded, AC +7
a: Breathe Steam, Renounce Religion


You were on level 9 of the Dungeon.
You worshipped Vehumet.
Vehumet was greatly pleased with you.
You were very hungry.

You visited 2 branches of the dungeon, and saw 10 of its levels.
You also visited: Ossuary.

You collected 451 gold pieces.
You spent 217 gold pieces at shops.

Inventory:

Hand Weapons
 e - a +0 club
 o - a +2 dagger of venom
 C - a +2 dagger of electrocution (weapon)
Armour
 B - a +2 pair of gloves (worn)
Jewellery
 g - a ring of protection from cold (left hand)
 q - an uncursed ring of protection from cold
 v - an amulet of regeneration (around neck)
 F - a +2 ring of slaying
 I - the ring of Coaliaci (right hand) {rF+ rN+ MP+9 Dex-2 Stlth+}
   (You found it on level 8 of the Dungeon)

   [ring of stealth]

   It affects your dexterity (-2).
   It protects you from fire.
   It protects you from negative energy.
   It affects your magic capacity (+9).
   It makes you more stealthy.
Wands
 p - a wand of polymorph (8)
 E - a wand of enslavement (10)
 G - a wand of flame (19)
Scrolls
 c - a scroll of enchant weapon
 f - 7 scrolls of remove curse
 k - 2 scrolls of enchant armour
 l - 4 scrolls of amnesia
 s - 5 scrolls of teleportation
 t - a scroll of blinking {unknown}
 x - a scroll of immolation
 y - 3 scrolls of identify
 z - a scroll of random uselessness {unknown}
 D - a scroll of fog {unknown}
Potions
 a - 6 potions of curing {unknown}
 d - 4 potions of flight {unknown}
 h - a potion of lignification {unknown}
 i - a potion of cancellation {unknown}
 j - 4 potions of degeneration {unknown}
 m - 2 potions of ambrosia {unknown}
 n - 3 potions of heal wounds {unknown}
 r - 4 potions of haste {unknown}
 u - 2 potions of might {unknown}
 w - a potion of mutation {unknown}
 A - 2 potions of resistance {unknown}
Comestibles
 b - 22 rations


   Skills:
 - Level 1.7 Dodging
 - Level 1.7 Stealth
 * Level 9.6 Spellcasting
 + Level 7.6 Conjurations
 * Level 12.1 Fire Magic


You had 12 spell levels left.
You knew the following spells:

 Your Spells              Type           Power        Failure   Level  Hunger
a - Flame Tongue          Conj/Fire      #####        1%          1    None
b - Throw Flame           Conj/Fire      #####.       1%          2    None
c - Conjure Flame         Conj/Fire      #####...     1%          3    None
d - Sticky Flame          Conj/Fire      #####...     1%          4    ###....
e - Magic Dart            Conj           ####         1%          1    None
f - Fireball              Conj/Fire      #####.....   1%          5    #####..

Your spell library contained the following spells:

 Spells                   Type           Power        Failure   Level  Hunger
 Static Discharge         Conj/Air       ###.....     1%          3    None
 Inner Flame              Hex/Fire       ####....     1%          3    None


Dungeon Overview and Level Annotations

Branches:
Dungeon (9/15)             Temple (1/1) D:5         Ossuary (visited)
   Lair: D:8-11         Orc: D:9-12

Altars:
Ashenzari
Cheibriados
Dithmenos
Elyvilon
Fedhas
Gozag
Hepliaklqana
Kikubaaqudgha
Nemelex Xobeh
Okawaru
Qazlal
Ru
Sif Muna
Trog
Uskayaw
Vehumet
Wu Jian
Xom
Yredelemnul
Zin
The Shining One

Shops:
D:4 (   D:6 *   D:9 *

Annotations:
D:9 Erica, Erolcha


Innate Abilities, Weirdness & Mutations

You can breathe blasts of scalding, opaque steam.
Your pale cyan-grey scales are hard. (AC +7)
You cannot fit into any form of body armour.
You are cold-blooded and may be slowed by cold attacks.


Message History

Here: Erolcha, wielding a +9 giant spiked club, wearing a +2 robe of positive energy and carrying a wand of disintegration (14) (moderately wounded)
A stone staircase leading up, spattered with blood.
Casting: Sticky Flame (safe; 1% risk of failure)
Confirm with . or Enter, or press ? or * to list all spells.
Aiming: Fireball (safe; 1% risk of failure)
Press: ? - help, Shift-Dir - straight line, f/p - Erolcha
Aim: Erolcha, wielding a +9 giant spiked club, wearing a +2 robe of positive energy and carrying a wand of disintegration (14) (moderately wounded)
The fireball explodes!
The fireball engulfs Erolcha!!
Erolcha is severely wounded.
Casting: Fireball (safe; 1% risk of failure)
Confirm with . or Enter, or press ? or * to list all spells.
Aiming: Sticky Flame (safe; 1% risk of failure)
Press: ? - help, Shift-Dir - straight line, f/p - Erolcha
Aim: Erolcha, wielding a +9 giant spiked club, wearing a +2 robe of positive energy and carrying a wand of disintegration (14) (severely wounded)
The sticky flame hits Erolcha.
Erolcha is severely wounded.
Erolcha is covered in liquid flames!
Erolcha burns!
Erolcha zaps a wand.
You are blasted!
Erolcha burns!
Something hits you.
Erolcha zaps a wand.
You are blasted!
You die...

# . .#.. ....
##########..#
.#....#......##
..............#.
........@..=....
..............##
.#.....O....###
##....<..###
#.#.8...# #
##....# .∩.8.#
##.#### #8


You could see Erolcha (burning).

Vanquished Creatures
  A hydra (D:8)
  A two-headed ogre (D:9)
  A cyclops (D:6)
  A centaur skeleton (D:7)
  A hornet (D:8)
  A troll (D:8)
  2 dream sheep (D:8)
  A wraith (D:6)
  2 yaks (D:8)
  A black bear (D:7)
  A sky beast (D:6)
  2 orc warriors
  2 ice beasts
  2 phantoms (D:6)
  4 centaurs
  An ogre (D:7)
  4 big kobolds
  2 bullfrogs
  2 gnoll sergeants
  8 killer bees (D:8)
  12 wights
  2 howler monkeys
  2 crimson imps (D:5)
  3 human zombies (D:7)
  An iron imp (D:8)
  3 hounds
  4 orc wizards
  A bullfrog skeleton (D:4)
  2 orc priests
  A jelly (D:5)
  A human skeleton (D:7)
  5 worker ants
  An ogre zombie (D:7)
  2 hound skeletons
  15 mummies
  2 howler monkey zombies (D:8)
  14 gnolls
  11 adders
  2 shadow imps (D:6)
  An ooze (D:3)
  5 worms
  An adder skeleton (D:5)
  3 dart slugs
  4 leopard geckos
  21 orcs
  A giant cockroach (D:7)
  48 goblins
  23 hobgoblins
  7 jackals
  A quokka (D:4)
  4 ball pythons
  6 bats
  4 frilled lizards
  2 gnoll skeletons (Ossuary)
  A jackal skeleton (D:7)
  4 kobolds
  4 kobold skeletons (Ossuary)
  2 orc skeletons (Ossuary)
  3 rats (D:3)
  11 rat skeletons (Ossuary)
280 creatures vanquished.

Notes
Turn   | Place    | Note
-------+----------+-------------------------------------------
     0 | D:1      | AlterAsc the Draconian Fire Elementalist began the quest
                  | for the Orb.
     0 | D:1      | Reached XP level 1. HP: 14/14 MP: 3/3
   184 | D:1      | Reached XP level 2. HP: 10/20 MP: 0/5
   805 | D:2      | Learned a level 2 spell: Throw Flame
   859 | D:2      | Reached XP level 3. HP: 23/26 MP: 1/6
  1011 | D:2      | Learned a level 3 spell: Conjure Flame
  1201 | D:2      | Reached skill level 4 in Fire Magic
  1373 | D:2      | Found a hide-covered altar of Uskayaw.
  1418 | D:2      | Reached XP level 4. HP: 33/33 MP: 1/7
  1609 | D:2      | Found a glowing silver altar of Zin.
  1988 | D:3      | Found a hazy altar of Hepliaklqana.
  2246 | D:3      | Found a faded altar of an unknown god.
  2462 | D:3      | Reached XP level 5. HP: 38/38 MP: 6/9
  2968 | D:3      | Reached skill level 5 in Fire Magic
  3130 | D:4      | Found Xenu's Antique Weapon Emporium.
  3130 | D:4      | Noticed a centaur
  3139 | D:4      | Killed a centaur
  3139 | D:4      | Reached XP level 6. HP: 21/45 MP: 3/11
  3222 | D:4      | Learned a level 4 spell: Sticky Flame
  3686 | D:5      | Entered Level 5 of the Dungeon
  3726 | D:5      | Found a staircase to the Ecumenical Temple.
  3732 | Temple   | Entered the Ecumenical Temple
  3949 | Temple   | Became a worshipper of Vehumet
  4128 | D:5      | Found an iron altar of Okawaru.
  4210 | D:5      | Found a sand-covered staircase.
  4215 | Ossuary  | Entered an ossuary
  4476 | Ossuary  | Reached skill level 6 in Fire Magic
  4488 | Ossuary  | Your scales start taking on a pale cyan-grey colour.
  4488 | Ossuary  | Reached XP level 7. HP: 50/50 MP: 4/12
  4677 | Ossuary  | Reached * piety under Vehumet
  4677 | Ossuary  | Offered knowledge of Magic Dart by Vehumet.
  4696 | Ossuary  | Learned a level 1 spell: Magic Dart
  4906 | D:3      | Reached skill level 7 in Fire Magic
  5272 | D:3      | Reached ** piety under Vehumet
  5273 | D:3      | Offered knowledge of Freeze by Vehumet.
  5916 | D:5      | Offered knowledge of Searing Ray by Vehumet.
  6067 | D:5      | Found a bloodstained altar of Trog.
  6138 | D:5      | Reached skill level 5 in Spellcasting
  6138 | D:5      | Reached XP level 8. HP: 50/57 MP: 9/15
  6468 | D:6      | Reached skill level 8 in Fire Magic
  6469 | D:6      | Reached *** piety under Vehumet
  6606 | D:6      | Found Minuoth's Assorted Antiques.
  6609 | D:6      | Bought a pair of glowing gloves for 217 gold pieces
  6706 | D:6      | Found a stormy altar of Qazlal.
  6921 | D:6      | Reached skill level 5 in Conjurations
  7028 | D:6      | Learned a level 5 spell: Fireball
  7142 | D:6      | Reached skill level 9 in Fire Magic
  7309 | D:6      | Noticed a cyclops
  7344 | D:6      | Killed a cyclops
  7344 | D:6      | Reached XP level 9. HP: 16/62 MP: 10/19
  7827 | D:7      | Offered knowledge of Force Lance by Vehumet.
  8060 | D:7      | Found a basalt altar of Yredelemnul.
  8253 | D:7      | Found an ornate altar of the Wu Jian Council.
  8309 | D:7      | Reached skill level 10 in Fire Magic
  8359 | D:7      | Reached **** piety under Vehumet
  8805 | D:8      | Got a coiled iron ring
  8807 | D:8      | Identified the ring of Coaliaci {rF+ rN+ MP+9 Dex-2 Stlth+}
                  | (You found it on level 8 of the Dungeon)
  8831 | D:8      | Offered knowledge of Static Discharge by Vehumet.
  9078 | D:8      | Reached XP level 10. HP: 69/69 MP: 19/22
  9312 | D:8      | Reached skill level 11 in Fire Magic
  9469 | D:8      | Noticed a two-headed hydra
  9495 | D:8      | Killed a two-headed hydra
  9590 | D:8      | Found a shattered altar of Ashenzari.
  9856 | D:8      | Found a snail-covered altar of Cheibriados.
 10108 | D:9      | Noticed a two-headed ogre
 10112 | D:9      | Killed a two-headed ogre
 10112 | D:9      | Reached skill level 12 in Fire Magic
 10112 | D:9      | Noticed Erica
 10213 | D:9      | Found Ocwamof's General Store.
 10213 | D:9      | Noticed Erolcha
 10219 | D:9      | Blown up by Erolcha

Levels and vault maps discovered:
D:1:      scummos_arrival_simple_crosswalls, layout_basic,
          minmay_shallow_snake_nest
D:2:      minmay_spotlight, layout_basic, lemuel_round_altar,
          nicolae_overflow_crystal_walls, first_ration, moated_statue
D:3:      minmay_goblin_kobold_castle, layout_basic, overflow_temple_1_default,
          chequers_ecumenical_altar_grove
D:4:      layout_rooms, serial_shops, nicolae_shop_statue_plus
D:5:      layout_cave_pools, bloody_trog, lemuel_crystal_altar,
          minmay_temple_entry_gardened_gates, enter_ossuary_2
D:6:      layout_loops_ring, serial_shops, kennysheep_mini_moat, basic_altar
D:7:      layout_basic, old_standard_altar, lemuel_mausoleum_altar_yredelemnul
D:8:      layout_cave_pods, slow_altar_2, lemuel_round_altar, hangedman_ranch
          [blue_anna_fruit_fields]
D:9:      layout_cave_pools, overflow_temple_1_default, hiddenorc1_lemuel,
          serial_shops, nicolae_shop_statue_plus, elyvilon_altar_1,
          uniq_erolcha, uniq_pikel, uniq_erica
Temple:   minmay_temple_forest_path

Skill      XL: |  1  2  3  4  5  6  7  8  9 10 |
---------------+-------------------------------+-----
Fire Magic     | 4 5 6 7 9 10 12 | 12.1
Conjurations   | 2 3 4 5 6 7 |  7.6
Spellcasting   | 3 5 6 8 9 |  9.6
Dodging        | |  1.7
Stealth        | |  1.7

Action                   |  1- 3 |  4- 6 |  7- 9 | 10-12 || total
-------------------------+-------+-------+-------+-------++-------
Melee: Unarmed           |    11 |       |       |       ||    11
       Tailslap          |     2 |     4 |    10 |     1 ||    17
       Club              |     8 |     5 |       |       ||    13
       Dagger            |       |    10 |    66 |    13 ||    89
 Cast: Flame Tongue      |    63 |   159 |   205 |    14 ||   441
       Sticky Flame      |       |     1 |    49 |    26 ||    76
       Magic Dart        |       |       |    19 |     7 ||    26
       Fireball          |       |       |     4 |     8 ||    12
  Use: Scroll            |       |     6 |     1 |       ||     7
  Eat: Chunk             |     2 |     8 |    16 |     7 ||    33
       Ration            |       |     1 |     1 |       ||     2
Armor: Skin              |    18 |    35 |    68 |    16 ||   137
Dodge: Dodged            |    34 |    77 |   160 |    36 ||   307
